 Dungeon Crawl Stone Soup version 0.29.0-4-gdea44cf6ec (webtiles) character file.

Game seed: 2416364599900136571

695 qw the Cleaver (level 7, -1/88 HPs)
             Began as a Minotaur Berserker on Sept 10, 2022.
             Was a Believer of Trog.
             Slain by a gnoll
             ... wielding a +0 spear
             ... led by a gnoll sergeant
              (4 damage)
             ... on level 4 of the Dungeon.
             The game lasted 00:01:08 (3382 turns).

qw the Cleaver (Minotaur Berserker)                 Turns: 3382, Time: 00:01:08

Health: -1/88      AC:  9    Str: 24    XL:     7   Next: 37%
Magic:  6/6        EV: 10    Int:  4    God:    Trog [**....]
Gold:   198        SH:  4    Dex:  9    Spells: 6/6 levels left

rFire   + . .      SeeInvis .   Y - +0 hand axe
rCold   . . .      Faith    .   g - +0 buckler
rNeg    . . .      Spirit   .   e - +3 scale mail {rF+}
rPois   .          Reflect  .   (helmet restricted)
rElec   .          Harm     .   (no cloak)
rCorr   .          Rampage  .   (no gloves)
Will    +....                   (no boots)
Stlth   ..........              (no amulet)
HPRegen 0.24/turn               p - ring of willpower
MPRegen 0.10/turn               (no ring)

@: berserking (expiring), very quick
A: horns 2, retaliatory headbutt
a: Renounce Religion, Berserk, Trog's Hand


You were on level 4 of the Dungeon.
You worshipped Trog.
Trog was pleased with you.
You visited 1 branch of the dungeon, and saw 4 of its levels.

You collected 198 gold pieces.


Innate Abilities, Weirdness & Mutations

You have a pair of horns on your head.
You reflexively headbutt those who attack you in melee.


   Skills:
 + Level 4.2 Fighting
 - Level 9.0 Axes
 - Level 2.0 Throwing
 - Level 2.4 Armour
 - Level 2.1 Dodging
 - Level 3.5 Shields


You had 6 spell levels left.
You didn't know any spells.
Your spell library was empty.

Inventory:

Hand Weapons
 f - a +0 flail
 Y - a +0 hand axe (weapon)
Missiles
 o - a silver javelin (quivered)
Armour
 e - a +3 scale mail of fire resistance (worn)
 g - a +0 buckler (worn)
 h - a +0 chain mail
Jewellery
 p - a ring of willpower (left hand)
Scrolls
 j - a scroll of teleportation
 q - a scroll of identify
Potions
 a - a potion of mutation {unknown}
 b - a potion of haste {unknown}
 c - a potion of cancellation {unknown}
 d - a potion of ambrosia {unknown}
 i - 2 potions of degeneration {unknown}
 k - a potion of brilliance {unknown}
 l - a potion of magic {unknown}
 m - a potion of might {unknown}
 n - 4 potions of curing

Dungeon Overview and Level Annotations

Branches:
Dungeon (4/15)             Temple (0/1) D:4

Altars:

Annotations:
D:4 2 transporters, qw's ghost, amateur GrFi


Message History

The gnoll hits you from afar with a +0 spear.
The gnoll misses you. The gnoll sergeant closely misses you.
You block the gnoll's attack.
You slash the gnoll sergeant!
Your headbutt misses the gnoll sergeant.
The gnoll sergeant is heavily wounded.
You closely miss the gnoll sergeant.
The gnoll sergeant is heavily wounded.
The gnoll hits you from afar with a +0 spear.
The gnoll misses you.
The gnoll hits you from afar with a +0 spear.
The gnoll sergeant hits you but does no damage.
You barely miss the gnoll sergeant.
Your headbutt misses the gnoll sergeant.
The gnoll sergeant is heavily wounded.
The gnoll hits you from afar with a +0 spear. x2
The gnoll barely misses you.
The gnoll sergeant hits you with a +0 spear.
You barely miss the gnoll sergeant.
Your headbutt misses the gnoll sergeant.
The gnoll sergeant is heavily wounded.
You barely miss the gnoll sergeant.
The gnoll sergeant is heavily wounded.
The gnoll closely misses you. The gnoll hits you but does no damage.
The gnoll hits you from afar with a +0 spear.
The gnoll sergeant hits you with a +0 spear.
You hit the gnoll sergeant. You headbutt the gnoll sergeant.
The gnoll sergeant is almost dead.
You hit the gnoll sergeant.
The gnoll sergeant is almost dead.
The gnoll hits you from afar with a +0 spear.
The gnoll hits you but does no damage.
The gnoll sergeant hits you but does no damage.
The gnoll barely misses you.
You hit the gnoll sergeant.
You kill the gnoll sergeant!
Trog accepts your kill.
Your Shields skill increases to level 3!
The gnoll hits you with a +0 spear.
You die...

..#.###.#........#...............
..#.....#...####.................
..###+####...###......#..........
.......##.............##....>....
#.(.....>.............###........
#.%....###......).....# #########
#...###.........).....#
#..<###.......)))g....#
#...............@g....#
....#..........ggK....#
#.#..#....######J....##
#..#..#...# #.#.#.... #.........#
#...####. #........... .....
#.........## ...... .....##...#
....... .)..........


You could see a kobold brigand, 4 gnolls and an endoplasm.

Vanquished Creatures
  Sigmund (D:3)
  A gnoll sergeant (D:4)
  A scorpion (D:4)
  A hound (D:4)
  2 orc priests (D:4)
  Jessica (D:3)
  Natasha (twice) (D:3)
  2 orc wizards (D:4)
  Terence (D:2)
  A gnoll (D:4)
  8 adders
  4 ufetubi (D:4)
  A worm (D:2)
  8 orcs
  7 endoplasms
  3 giant cockroaches
  3 goblins
  7 hobgoblins
  2 jackals (D:2)
  4 kobolds
  3 quokkas
  5 ball pythons
  4 bats
  2 frilled lizards
  6 rats
80 creatures vanquished.

Notes
Turn   | Place    | Note
-------+----------+-------------------------------------------
     0 | D:1      | qw the Minotaur Berserker began the quest for the Orb.
     0 | D:1      | Reached XP level 1. HP: 19/19 MP: 0/0
     0 | D:1      | 0 ||| qw: Version: 0.1-a-116-g5d60599
     0 | D:1      | 0 ||| qw: Game counter: 7426
     0 | D:1      | 0 ||| qw: Always use a shield: true
     0 | D:1      | 0 ||| qw: Do Orc after D:15 true
     0 | D:1      | 0 ||| qw: Do second Lair branch before Depths: true
     0 | D:1      | 0 ||| qw: Lair rune preference: random
     0 | D:1      | 0 ||| qw: Plans: Normal
     0 | D:1      | 0 ||| PLANNING D:1-11
   337 | D:1      | Found a faded altar of an unknown god.
   348 | D:1      | Reached skill level 4 in Axes
   841 | D:1      | 841 ||| UPGRADING to +0 leather armour.
   851 | D:1      | 851 ||| DROPPING +0 animal skin.
   852 | D:1      | 852 ||| UPGRADING to +0 buckler.
   857 | D:1      | 857 ||| UPGRADING to +0 chain mail.
   867 | D:1      | 867 ||| DROPPING +0 leather armour.
   868 | D:1      | 868 ||| READING scroll labelled NEODDY VAYNEA.
   869 | D:1      | 869 ||| READING scroll labelled YSKEOF VIZIL.
   870 | D:1      | 870 ||| READING 2 scrolls labelled ELI VUCAX.
   874 | D:1      | 874 ||| READING scroll labelled ZAH RUKIAH.
   895 | D:2      | 895 ||| STAIRDANCE
   901 | D:1      | Reached XP level 2. HP: 26/26 MP: 1/1
   934 | D:2      | Reached skill level 1 in Shields
   994 | D:2      | 994 ||| INVOKING Berserk.
   997 | D:2      | Reached XP level 3. HP: 31/31 MP: 2/2
  1247 | D:2      | Reached skill level 5 in Axes
  1264 | D:2      | 1264 ||| Stepping ~*~*~tactically~*~*~ (stealth).
  1304 | D:2      | Reached skill level 1 in Throwing
  1351 | D:2      | 1351 ||| Stepping ~*~*~tactically~*~*~ (stealth).
  1391 | D:2      | Reached XP level 4. HP: 39/39 MP: 3/3
  1485 | D:2      | Noticed Terence
  1488 | D:2      | 1488 ||| INVOKING Berserk.
  1489 | D:2      | Killed Terence
  1705 | D:2      | Reached skill level 6 in Axes
  1795 | D:2      | 1795 ||| UPGRADING to +3 scale mail of fire resistance.
  1805 | D:2      | 1805 ||| UPGRADING to ring of willpower.
  1806 | D:2      | 1806 ||| READING scroll labelled RORYGGACWOE.
  1807 | D:2      | 1807 ||| READING 3 scrolls labelled EXKI OVOZECH.
  1808 | D:2      | 1808 ||| DRINKING 2 bubbling coppery potions.
  1809 | D:2      | 1809 ||| DROPPING 2 scrolls of blinking.
  1956 | D:3      | 1956 ||| Stepping ~*~*~tactically~*~*~ (stealth).
  1957 | D:3      | 1957 ||| Stepping ~*~*~tactically~*~*~ (stealth).
  1960 | D:3      | Reached ** piety under Trog
  2002 | D:3      | 2002 ||| Stepping ~*~*~tactically~*~*~ (stealth).
  2016 | D:3      | 2016 ||| Stepping ~*~*~tactically~*~*~ (stealth).
  2017 | D:3      | 2017 ||| Stepping ~*~*~tactically~*~*~ (stealth).
  2044 | D:3      | Noticed Natasha
  2045 | D:3      | 2045 ||| Stepping ~*~*~tactically~*~*~ (hiding).
  2045 | D:3      | Noticed Jessica
  2048 | D:3      | 2048 ||| INVOKING Berserk.
  2049 | D:3      | Killed Jessica
  2050 | D:3      | Reached XP level 5. HP: 45/45 MP: 4/4
  2051 | D:3      | Killed Natasha
  2171 | D:3      | 2171 ||| DROPPING +0 whip.
  2179 | D:3      | Identified the +2 robe "Maoburr" {+Inv rC- rN+++ Str-5}
  2266 | D:3      | Noticed Natasha
  2270 | D:3      | 2270 ||| INVOKING Berserk.
  2273 | D:3      | Killed Natasha
  2403 | D:3      | Noticed Sigmund
  2406 | D:3      | 2406 ||| INVOKING Berserk.
  2414 | D:3      | Killed Sigmund
  2415 | D:3      | Reached skill level 7 in Axes
  2415 | D:3      | Reached XP level 6. HP: 51/51 MP: 5/5
  2814 | D:3      | 2814 ||| READING scroll labelled DAROHU YNENUWK.
  2815 | D:3      | 2815 ||| READING 2 scrolls of identify.
  2815 | D:3      | 2815 ||| IDENTIFYING viscous golden potion
  2816 | D:3      | 2816 ||| DROPPING potion of flight.
  2840 | D:4      | Noticed qw's ghost (amateur GrFi)
  2840 | D:4      | Found a transporter.
  2840 | D:4      | Found a transporter.
  2895 | D:4      | 2895 ||| Stepping ~*~*~tactically~*~*~ (stealth).
  2897 | D:4      | 2897 ||| Stepping ~*~*~tactically~*~*~ (stealth).
  2905 | D:4      | 2905 ||| Stepping ~*~*~tactically~*~*~ (stealth).
  2906 | D:4      | 2906 ||| Stepping ~*~*~tactically~*~*~ (stealth).
  2915 | D:4      | 2915 ||| INVOKING Berserk.
  2916 | D:4      | 2916 ||| INVOKING Berserk.
  2931 | D:4      | Reached skill level 8 in Axes
  3011 | D:4      | Found a staircase to the Ecumenical Temple.
  3139 | D:4      | Reached XP level 7. HP: 59/59 MP: 6/6
  3199 | D:4      | 3199 ||| FLEEEEING.
  3267 | D:4      | 3267 ||| Stepping ~*~*~tactically~*~*~ (stealth).
  3285 | D:4      | 3285 ||| Stepping ~*~*~tactically~*~*~ (stealth).
  3366 | D:4      | 3366 ||| INVOKING Berserk.
  3372 | D:4      | Reached skill level 9 in Axes
  3376 | D:4      | HP: 22/88 [gnoll/+0 spear[a gnoll sergeant] (3)]
  3378 | D:4      | HP: 8/88 [gnoll sergeant/+0 spear (6)]
  3380 | D:4      | HP: 2/88 [gnoll/+0 spear[a gnoll sergeant] (6)]
  3382 | D:4      | Reached skill level 3 in Shields
  3382 | D:4      | Slain by a gnoll

Levels and vault maps discovered:
D:1:      noname_arrival_rooms_in_the_neighbourhood, layout_basic,
          basic_ecumenical_altar
D:2:      kennysheep_big_flooded_room, layout_basic, uniq_terence
D:3:      layout_basic, uniq_sigmund, uniq_natasha, uniq_jessica
D:4:      minmay_evil_eye, layout_rooms, nemelex_spade_bored_becter,
          minmay_temple_entry_glassed_door, gammafunk_ghost_arena,
          minmay_tree_intersection

Skill      XL: |  1  2  3  4  5  6  7 |
---------------+----------------------+-----
Axes           | 4 5 6 7 8 9 |  9.0
Shields        | 1 2 3 |  3.5
Throwing       | 1 2 |  2.0
Fighting       | 4 |  4.2
Armour         | |  2.4
Dodging        | |  2.1

Action                   |  1- 3 |  4- 6 |  7- 9 || total
-------------------------+-------+-------+-------++-------
Melee: Hand axe          |    72 |    88 |    32 ||   192
       Headbutt          |     6 |    12 |     4 ||    22
Throw: Javelin           |     4 |    20 |     5 ||    29
Invok: Berserk           |     1 |     5 |     1 ||     7
  Use: Scroll            |     4 |     4 |       ||     8
       Potion            |       |     1 |       ||     1
Armor: Chain mail        |    42 |     6 |       ||    48
       Animal skin       |     1 |       |       ||     1
       Scale mail        |       |    24 |    14 ||    38
Dodge: Dodged            |    28 |    46 |    21 ||    95
Block: Buckler           |    12 |    10 |     8 ||    30

Table legend:
 A = Non-vault XP
 B = Vault XP
 C = Vault XP percentage of total XP
 D = Non-vault monster count
 E = Vault monster count
 F = Vault count percentage of total count
                 A         B        C        D         E       F
            +---------+---------+-------+---------+---------+-------
      Total |     632 |     361 |  36.4 |      68 |      12 |  15.0
            +---------+---------+-------+---------+---------+-------
        D:1 |      12 |       0 |   0.0 |       8 |       0 |   0.0
        D:2 |      87 |      39 |  31.0 |      23 |       3 |  11.5
        D:3 |      68 |     297 |  81.4 |      14 |       3 |  17.6
        D:4 |     465 |      25 |   5.1 |      23 |       6 |  20.7
            +---------+---------+-------+---------+---------+-------
